 Dungeon Sprint DCSS version 0.21-a0-59-g7b0e191 (webtiles) character file.

389 Kidiri the Cudgeler (level 6, 0/66 HPs)
             Began as a Troll Gladiator on June 16, 2017.
             Was an Elder of Wu Jian.
             Killed from afar by an efreet (29 damage)
             ... with a fireball
             ... in the Dungeon (Sprint VII: "The Pits").
             The game lasted 00:05:40 (432 turns).

Kidiri the Cudgeler (Troll Gladiator)                Turns: 432, Time: 00:05:41

Health: 0/66       AC:  5    Str: 25    XL:     6   Next: 49%
Magic:  5/5        EV: 12    Int:  4    God:    Wu Jian [****..]
Gold:   0          SH:  0    Dex: 11    Spells: 5/5 levels left

rFire    . . .     SeeInvis .   a - +0 flail (crush)
rCold    . . .     Gourm    +   (no shield)
rNeg     . . .     Faith    .   b - +0 robe
rPois    .         Spirit   .   c - +0 hat
rElec    .         Reflect  .   (no cloak)
rCorr    .         Harm     .   (gloves unavailable)
MR       .....     NoTele   +   (boots unavailable)
Stlth    ++........             (no amulet)
HPRegen  0.61/turn              (no ring)
MPRegen  0.09/turn              (no ring)

@: exhausted
A: unfitting armour, claws 3, fast metabolism 3, gourmand, regeneration 1,
shaggy fur 1, tough skin 2
a: Serpent's Lash, Renounce Religion


You were in the Dungeon.
You worshipped Wu Jian.
Wu Jian was greatly pleased with you.
You were completely stuffed.

You visited 1 branch

Inventory:

Hand Weapons
 a - a +0 flail of crushing (weapon)
Missiles
 d - 3 throwing nets (quivered)
Armour
 b - a +0 robe (worn)
 c - a +0 hat (worn)
Scrolls
 k - a scroll of blinking
 m - 3 scrolls of remove curse
 n - 5 scrolls of amnesia
 o - a scroll of summoning
Potions
 e - 6 potions of curing
 h - a potion of haste
 i - 4 potions of magic
 j - 3 potions of berserk rage
 l - 2 potions of invisibility
 r - 4 potions of heal wounds
Comestibles
 f - 9 bread rations
 p - 40 fruits
 q - 7 meat rations


   Skills:
 * Level 5.3 Fighting
 * Level 6.3 Maces & Flails
 + Level 4.3 Throwing
 + Level 3.4 Armour
 * Level 5.9 Dodging
 * Level 3.7 Stealth


You had 5 spell levels left.
You didn't know any spells.

Dungeon Overview and Level Annotations

Branches:
Dungeon (1/1)

Altars:
Ashenzari
Cheibriados
Dithmenos
Elyvilon
Fedhas
Gozag
Hepliaklqana
Kikubaaqudgha
Makhleb
Nemelex Xobeh
Okawaru
Qazlal
Ru
Sif Muna
Trog
Uskayaw
Vehumet
Wu Jian
Xom
Yredelemnul
Zin
The Shining One
Beogh
Jiyva
Lugonu


Innate Abilities, Weirdness & Mutations

You are too large for most types of armour.
You have claws for hands.
Your metabolism is lightning-fast.
You like to eat raw meat.
Your natural rate of healing is unusually fast.
You are covered in fur. (AC +1)
You have very tough skin. (AC +2)


Message History

ZOOOM!
There is an open door here.
Unknown command.
You hit the efreet but do no damage.
The efreet is heavily wounded.
The efreet gestures at you. The bolt of fire hits you!
You barely miss the efreet.
The efreet is heavily wounded.
The efreet gestures at you. The bolt of fire hits you!
* * * LOW HITPOINT WARNING * * *
You barely miss the efreet.
The efreet is heavily wounded.
The efreet barely misses you.
Unknown command.
You feel much better. The efreet gestures at you.
The fireball explodes!
The fireball engulfs you!
You die...

#.#..+.)))[##.......#
#.#..#.)))[##.......#
#'###########.......#
#..#.#.## #########
#.......# ##.#.#.##
#.......#+#
##.#.#.##R+
#.......#@#
##.#.#..')#
##########


You could see an efreet.

Vanquished Creatures
  A sky beast (D)
  A wolf (D)
  A big kobold (D)
  A gnoll sergeant (D)
  A crimson imp (D)
  A gnoll (D)
  A river rat (D)
  An adder (D)
  2 orcs (D)
  A giant cockroach (D)
  A hobgoblin (D)
  6 jackals (D)
  2 quokkas (D)
20 creatures vanquished.

Notes
Turn   | Place    | Note
-------+----------+-------------------------------------------
     0 | D        | Kidiri the Troll Gladiator began the quest for the Orb.
     0 | D        | Reached XP level 1. HP: 19/19 MP: 0/0
    14 | D        | Reached skill level 3 in Maces & Flails
    47 | D        | Found a bloodstained altar of Trog.
    47 | D        | Found a deep blue altar of Sif Muna.
    47 | D        | Found a viscous altar of Jiyva.
    47 | D        | Found a hazy altar of Hepliaklqana.
    47 | D        | Found an opulent altar of Gozag.
    48 | D        | Found a glowing golden altar of the Shining One.
    48 | D        | Found a glowing silver altar of Zin.
    48 | D        | Found a basalt altar of Yredelemnul.
    48 | D        | Found a shimmering altar of Xom.
    48 | D        | Found an ornate altar of the Wu Jian Council.
    48 | D        | Found a sacrificial altar of Ru.
    48 | D        | Found a stormy altar of Qazlal.
    48 | D        | Found an iron altar of Okawaru.
    48 | D        | Found a sparkling altar of Nemelex Xobeh.
    48 | D        | Found a burning altar of Makhleb.
    48 | D        | Found a blossoming altar of Fedhas.
    48 | D        | Found a white marble altar of Elyvilon.
    48 | D        | Found a shadowy altar of Dithmenos.
    48 | D        | Found a snail-covered altar of Cheibriados.
    50 | D        | Found a radiant altar of Vehumet.
    50 | D        | Found a corrupted altar of Lugonu.
    50 | D        | Found a roughly hewn altar of Beogh.
    51 | D        | Found a hide-covered altar of Uskayaw.
    51 | D        | Found an ancient bone altar of Kikubaaqudgha.
    51 | D        | Found a shattered altar of Ashenzari.
    57 | D        | Became a worshipper of the Wu Jian Council
    83 | D        | Reached * piety under Wu Jian
    87 | D        | Reached XP level 2. HP: 28/28 MP: 1/1
   107 | D        | Reached ** piety under Wu Jian
   134 | D        | Reached skill level 1 in Armour
   146 | D        | Reached *** piety under Wu Jian
   146 | D        | Reached skill level 1 in Stealth
   168 | D        | Reached XP level 3. HP: 30/36 MP: 2/2
   281 | D        | Noticed a wolf
   281 | D        | Noticed a sky beast
   283 | D        | Noticed a big kobold
   301 | D        | Reached **** piety under Wu Jian
   305 | D        | Killed a wolf
   305 | D        | Reached skill level 4 in Maces & Flails
   305 | D        | Reached XP level 4. HP: 30/48 MP: 3/3
   316 | D        | Killed a big kobold
   316 | D        | Reached skill level 5 in Maces & Flails
   316 | D        | Reached skill level 5 in Dodging
   316 | D        | Reached XP level 5. HP: 22/55 MP: 4/4
   339 | D        | Killed a sky beast
   339 | D        | Reached skill level 5 in Fighting
   339 | D        | Reached skill level 6 in Maces & Flails
   339 | D        | Reached XP level 6. HP: 34/66 MP: 5/5
   427 | D        | Noticed an efreet
   432 | D        | Killed from afar by an efreet

Vault maps used:
D:        pitsprint

Skill      XL: |  1  2  3  4  5 |
---------------+----------------+-----
Maces & Flails | 3 4 5 6 |  6.3
Fighting       | 2 3 4 5 |  5.3
Throwing       | 2 3 4 |  4.3
Dodging        | 3 4 5 |  5.9
Armour         | 1 2 3 |  3.4
Stealth        | 1 2 3 |  3.7

Action                   |  1- 3 |  4- 6 || total
-------------------------+-------+-------++-------
Melee: Mace              |    33 |       ||    33
       Flail             |    11 |    31 ||    42
Invok: Serpent's Lash    |       |     2 ||     2
  Use: Potion            |     1 |     1 ||     2
 Stab: Sleeping          |       |     1 ||     1
  Eat: Chunk             |     2 |     8 ||    10
Armor: Robe              |    12 |     4 ||    16
Dodge: Dodged            |    38 |    18 ||    56
